 Seeded DCSS version 0.30.1-11-g7821555f0a (webtiles) character file.

Game seed: 5 (custom seed)

27636 Kazon the Covert (level 13, -14/93 HPs)
             Began as a Vampire Gladiator on Dec 7, 2023.
             Was the Champion of Makhleb.
             Demolished by a two-headed ogre
             ... wielding a +0 giant club
              (22 damage)
             ... on level 1 of the Orcish Mines.
             The game lasted 01:12:47 (11121 turns).

Kazon the Covert (Vampire Gladiator)               Turns: 11121, Time: 01:12:48

Health: -14/93     AC: 11    Str: 17    XL:     13   Next: 5%
Magic:  0/28       EV: 12    Int: 12    God:    Makhleb [******]
Gold:   985        SH: 14    Dex: 21    Spells: 12/12 levels left

rFire   . . .        v - +0 war axe (vamp)
rCold   . . .        c - +0 tower shield
rNeg    . . .        N - +2 troll leather armour {Snorg}
rPois   .            T - +1 helmet
rElec   .            S - +0 cloak
rCorr   .            M - +0 pair of gloves
SInv    +            (no boots)
Will    +....        E - amulet of guardian spirit
Stlth   +++++        m - ring of magical power
HPRegen 1.35/turn    B - +6 ring of dexterity
MPRegen 0.21/turn

%: guardian spirit
@: healing quickly
A: alive, fangs 3, see invisible, vampiric 2
a: Exsanguinate, Renounce Religion, Minor Destruction, Lesser Servant of
Makhleb, Major Destruction, Greater Servant of Makhleb


You were on level 1 of the Orcish Mines.
You worshipped Makhleb.
Makhleb was exalted by your worship.
You visited 4 branches of the dungeon, and saw 16 of its levels.
You also visited: Ossuary.

You collected 1156 gold pieces.
You spent 171 gold pieces at shops.

Inventory:

Hand Weapons
 e - a +2 vampiric dagger
 f - a +1 hand axe of flaming
 q - a +2 demon whip of venom
 v - a +0 vampiric war axe (weapon)
 y - the +5 glaive of the Guard {elec, spectral, AC+5}
   (You acquired it on level 1 of the Dungeon)

   AC:        It affects your AC (+5).
Missiles
 d - 5 throwing nets
 g - 17 stones (quivered)
 k - 20 boomerangs
 o - 5 javelins
 r - 12 poisoned darts
 W - 4 silver boomerangs
 Y - 3 boomerangs of dispersal
Armour
 c - a +0 tower shield (worn)
 M - a +0 pair of gloves (worn)
 N - a +2 troll leather armour (worn) {Snorg}
 S - a +0 cloak (worn)
 T - a +1 helmet (worn)
Jewellery
 m - a ring of magical power (left hand)
 B - a +6 ring of dexterity (right hand)
 E - an amulet of guardian spirit (around neck)
 U - a +4 ring of protection
 X - a ring of protection from fire
Wands
 z - a wand of paralysis (13)
 K - a wand of flame (7)
 O - a wand of light (9)
 Q - a wand of digging (7)
 R - a wand of polymorph (5)
Scrolls
 h - 3 scrolls of fog {unknown}
 i - 7 scrolls of identify
 p - 2 scrolls of magic mapping {unknown}
 s - 2 scrolls of summoning {unknown}
 t - 5 scrolls of teleportation
 x - a scroll of amnesia {unknown}
 A - a scroll of torment {unknown}
 G - a scroll of poison
 H - 3 scrolls of fear {unknown}
 L - 3 scrolls of enchant armour {unknown}
 V - 3 scrolls of blinking {unknown}
Potions
 a - a potion of ambrosia {unknown}
 b - a potion of magic
 j - 2 potions of berserk rage {unknown}
 l - 4 potions of curing
 n - a potion of resistance {unknown}
 u - 3 potions of invisibility {unknown}
 w - 5 potions of flight {unknown}
 C - 6 potions of heal wounds
 D - a potion of lignification {unknown}
 F - 5 potions of attraction {unknown}
 I - a potion of haste {unknown}
 J - 3 potions of brilliance {unknown}
 P - a potion of cancellation {unknown}


   Skills:
 + Level 6.2 Fighting
 + Level 3.8 Short Blades
 + Level 4.4(8.5) Axes
 * Level 3.1(4.1) Maces & Flails
 + Level 10.7(11.1) Polearms
 * Level 4.5 Throwing
 + Level 4.1 Armour
 + Level 6.7 Dodging
 + Level 10.8 Stealth
 + Level 3.0 Shields
 * Level 8.0 Invocations
 + Level 7.1 Evocations


You had 12 spell levels left.
You didn't know any spells.
Your spell library contained the following spells:

 Spells                   Type           Power      Damage    Failure   Level
 Foxfire                  Conj/Fire      0%         2x1d4     99%         1
 Frozen Ramparts          Ice            0%         1d1       100%        3
 Hailstorm                Conj/Ice       0%         3d3       100%        3
 Ignite Poison            Fire/Tmut/Pois 0%         N/A       100%        3
 Ice Form                 Ice/Tmut       0%         N/A       100%        4
 Leda's Liquefaction      Hex/Erth       0%         N/A       100%        4
 Sticky Flame             Conj/Fire      0%         2d3       100%        4
 Summon Ice Beast         Ice/Summ       0%         N/A       100%        4
 Alistair's Intoxication  Tmut/Pois      0%         N/A       100%        5
 Borgnjor's Vile Clutch   Necr/Erth      0%         N/A       100%        5
 Fireball                 Conj/Fire      0%         3d3       100%        5
 Lee's Rapid Deconstruct  Erth           0%         3d4*      100%        5
 Summon Forest            Summ/Tloc      0%         N/A       100%        5
 Eringya's Noxious Bog    Tmut/Pois      0%         N/A       100%        6
 Plasma Beam              Fire/Air       0%         2x1d11    100%        6
 Simulacrum               Ice/Necr       0%         N/A       100%        6
 Starburst                Conj/Fire      0%         6d3       100%        6
 Statue Form              Tmut/Erth      0%         N/A       100%        6
 Summon Hydra             Summ           0%         N/A       100%        7
 Ignition                 Fire           0%         3d3       100%        8


Dungeon Overview and Level Annotations

Branches:
Dungeon (11/15)            Temple (1/1) D:4            Lair (2/5) D:8
    Orc (2/2) D:11        Ossuary (visited)
  Swamp: Lair:2-3    Shoals: Lair:2-3     Snake: Lair:2-3    Spider: Lair:2-3
    Elf: Orc:2

Altars:
Dithmenos
Fedhas
Gozag
Hepliaklqana
Makhleb
Qazlal
Sif Muna
Wu Jian
Xom

Shops:
D:8 *

Annotations:
Orc:1 Josephine


Innate Abilities, Weirdness & Mutations

Your natural rate of healing is accelerated.
You have razor-sharp teeth.
You have supernaturally acute eyesight. (SInv)
You are afflicted with vampirism and can become a bat while bloodless.


Message History

You hit the ogre.
The ogre is heavily wounded.
You hit Josephine. You slash the two-headed ogre!
Josephine hits you but does no damage. You block the ogre's attack.
The two-headed ogre misses you. You block the two-headed ogre's attack.
You hit the ogre.
You feel better.
You bite the ogre.
The ogre is severely wounded.
You closely miss Josephine. You hit the two-headed ogre.
You block Josephine's attack.
The ogre hits you with a +0 giant spiked club!
The two-headed ogre hits you but does no damage.
The two-headed ogre hits you with a +2 dire flail of pain!
Josephine hits you but does no damage.
You barely miss the ogre. You bite the ogre.
The ogre is severely wounded.
You closely miss Josephine. You barely miss the two-headed ogre.
Josephine barely misses you. The ogre closely misses you.
You block the two-headed ogre's attack. The two-headed ogre closely misses you.
Unknown command.
You barely miss the ogre.
The ogre is severely wounded.
You barely miss Josephine. You hit the two-headed ogre.
You feel better. You block Josephine's attack. The ogre barely misses you.
The two-headed ogre hits you with a +0 giant club!
The two-headed ogre hits you with a +2 dire flail of pain.
Josephine hits you but does no damage.
You hit the ogre.
You feel better.
The ogre is almost dead.
You slash Josephine! You hit the two-headed ogre.
You feel better. Josephine hits you with a +0 dagger!
The two-headed ogre hits you with a +0 giant club!!
* * * LOW HITPOINT WARNING * * *
The two-headed ogre hits you with a +2 dire flail of pain!
* * * LOW HITPOINT WARNING * * *
You writhe in agony.
* * * LOW HITPOINT WARNING * * *
The ogre closely misses you.
A demon appears!
Josephine barely misses you.
The two-headed ogre hits you with a +0 giant club!!
You die...

#...###..8..#......##
......#....)#.......#
#.#...#..)..#......##
##....#.....#......#
#....####'###.....##
##.............######
.##....8.8.8..)#.#..###
.###..........[)O[....##
))##...........)@O4....#
).#............@[)....##
......)...............# ###
................#.#...####.##
.#.....................##...#
.............#........####.##
.....^.......#.......## ##.####
....##................###...#.##
..#####...#..#....##...###.#...##


You could see Josephine, a two-headed ogre, an ogre (ally target) and a friendly
hellwing (summoned).

Vanquished Creatures
  A hydra (Lair:2)
  A boulder beetle (D:11)
  4 two-headed ogres
  3 death yaks (Lair:2)
  A tengu warrior (D:11)
  Amaemon (Lair:2)
  An orc sorcerer (Orc:1)
  Maurice (D:9)
  2 cane toads
  An orange demon (Lair:2)
  An unseen horror (D:10)
  5 komodo dragons
  2 polar bears (D:8)
  A troll (D:11)
  A hornet (D:9)
  4 blink frogs (Lair:1)
  4 shadows
  3 vampires
  Sigmund (D:4)
  3 wraiths
  3 wyverns
  12 yaks
  4 basilisks
  3 steam dragons
  2 vampire mosquitoes (D:10)
  A warg (D:11)
  Duvessa (D:6)
  7 water moccasins
  An ice beast (D:8)
  7 orc warriors
  A sky beast (D:7)
  5 black bears
  8 ogres
  20 wolves
  A phantom (D:11)
  5 centaurs
  An elf zombie (Ossuary)
  3 kobold brigands
  6 bullfrogs
  A gnoll sergeant (D:8)
  3 scorpions
  23 wights
  A troll zombie (D:11)
  12 killer bees
  Dowan (D:6)
  4 howler monkeys
  A vampire bat (D:7)
  An electric eel (D:8)
  A wyvern simulacrum (D:8)
  A centaur zombie (Ossuary)
  6 hounds
  3 human zombies (Ossuary)
  A jelly (D:5)
  13 orc priests
  6 iguanas
  16 orc wizards
  11 ogre zombies
  A centaur simulacrum (D:8)
  7 mummies (Ossuary)
  11 gnolls
  9 adders
  A shadow imp (D:8)
  A white imp (D:7)
  2 ufetubi
  A worm zombie (D:7)
  2 adder zombies (Ossuary)
  3 worms
  49 orcs
  12 bats
  9 endoplasms
  A giant cockroach (D:1)
  12 goblins
  7 hobgoblins
  11 jackals
  22 kobolds
  3 quokkas (D:4)
  6 ball pythons
  3 frilled lizards
  A goblin skeleton (D:11)
  7 goblin zombies
  2 hobgoblin skeletons (D:11)
  10 hobgoblin zombies
  3 kobold zombies
  15 orc zombies (D:11)
  4 quokka zombies (Ossuary)
  4 rats
  4 rat zombies (Ossuary)
460 creatures vanquished.

Vanquished Creatures (collateral kills)
  Snorg (D:10)
  A cane toad (Lair:1)
  2 yaks (Lair:1)
  A wraith (Orc:1)
  2 wolves (Lair:2)
  An electric eel (Lair:2)
8 creatures vanquished.

Vanquished Creatures (others)
  An orc wizard (Orc:1)
  4 spectral weapons
5 creatures vanquished.

Grand Total: 473 creatures vanquished

Notes
Turn   | Place    | Note
-------+----------+-------------------------------------------
     0 | D:1      | Kazon the Vampire Gladiator began the quest for the Orb.
     0 | D:1      | Reached XP level 1. HP: 16/16 MP: 1/1
    44 | D:1      | Identified a scroll of acquirement
    44 | D:1      | Acquired the +5 glaive of the Guard {elec, spectral, AC+5}
    44 | D:1      | Found the +5 glaive of the Guard {elec, spectral, AC+5}
    76 | D:1      | Reached XP level 2. HP: 22/22 MP: 2/2
   517 | D:1      | Gained mutation: You are afflicted with vampirism and can
                  | become a bat while bloodless. [Vampire growth]
   517 | D:1      | Reached XP level 3. HP: 27/27 MP: 3/3
   969 | D:2      | Reached skill level 1 in Polearms
   997 | D:2      | Reached XP level 4. HP: 24/26 MP: 4/4
  1108 | D:2      | Reached skill level 1 in Armour
  1244 | D:2      | Reached skill level 1 in Stealth
  1561 | D:3      | Found a blossoming altar of Fedhas.
  1670 | D:3      | Identified the +2 sling "Qeuhanocyt" {speed, rElec Str-3
                  | Dex+2}
  1702 | D:3      | Found a stormy altar of Qazlal.
  1850 | D:3      | Found a faded altar of an unknown god.
  1949 | D:4      | Found a staircase to the Ecumenical Temple.
  1957 | Temple   | Entered the Ecumenical Temple
  1973 | Temple   | Became a worshipper of Makhleb the Destroyer
  2033 | D:4      | Noticed a black bear
  2042 | D:4      | Killed a black bear
  2043 | D:4      | Reached XP level 5. HP: 26/34 MP: 5/5
  2046 | D:4      | Reached skill level 1 in Invocations
  2051 | D:4      | Found a hazy altar of Hepliaklqana.
  2053 | D:4      | Found a shadowy altar of Dithmenos.
  2054 | D:4      | Noticed a shadow
  2092 | D:4      | Noticed Sigmund
  2095 | D:4      | Killed Sigmund
  2096 | D:4      | Reached XP level 6. HP: 41/41 MP: 7/7
  2407 | D:4      | Reached XP level 7. HP: 51/51 MP: 8/8
  2654 | D:5      | Entered Level 5 of the Dungeon
  2664 | D:5      | Reached skill level 5 in Stealth
  2874 | D:5      | Reached * piety under Makhleb
  3045 | D:6      | Noticed Dowan
  3047 | D:6      | Noticed Duvessa
  3055 | D:6      | Killed Duvessa
  3056 | D:6      | Reached skill level 1 in Evocations
  3056 | D:6      | Reached XP level 8. HP: 48/57 MP: 10/10
  3059 | D:6      | Killed Dowan
  3140 | D:6      | You fall into a shaft and drop 1 floor!
  3160 | D:7      | Reached skill level 5 in Polearms
  3198 | D:7      | Found a sand-covered staircase.
  3213 | Ossuary  | Entered an ossuary
  3360 | Ossuary  | Reached ** piety under Makhleb
  3689 | D:6      | Found a shimmering altar of Xom.
  3802 | D:6      | Reached XP level 9. HP: 56/64 MP: 11/11
  3917 | D:6      | Reached *** piety under Makhleb
  3991 | D:7      | Noticed a two-headed ogre
  3999 | D:7      | Killed a two-headed ogre
  4369 | D:7      | Reached skill level 5 in Invocations
  4475 | D:7      | Reached XP level 10. HP: 58/58 MP: 13/13
  4755 | D:8      | Reached **** piety under Makhleb
  4899 | D:8      | Found a staircase to the Lair.
  4914 | D:8      | Found Izo Qiri's Assorted Antiques.
  4925 | D:8      | Bought a scroll labelled JIYFIZX FOFUA for 29 gold pieces
  4925 | D:8      | Bought a sedimented brown potion for 26 gold pieces
  4925 | D:8      | Bought a curved iron wand for 116 gold pieces
  5158 | D:8      | Reached skill level 5 in Evocations
  5926 | D:9      | Reached skill level 5 in Fighting
  5952 | D:9      | Noticed Maurice
  5960 | D:9      | Killed Maurice
  6002 | D:9      | Reached XP level 11. HP: 72/79 MP: 15/15
  6138 | D:9      | Reached ***** piety under Makhleb
  6623 | D:10     | Entered Level 10 of the Dungeon
  6642 | D:10     | Noticed a two-headed ogre
  6648 | D:10     | Killed a two-headed ogre
  6674 | D:10     | Noticed Snorg
  6742 | D:10     | Killed Snorg
  6743 | D:10     | Reached skill level 10 in Stealth
  6907 | D:10     | Reached skill level 10 in Polearms
  7100 | Lair:1   | Entered Level 1 of the Lair of Beasts
  7146 | Lair:1   | Reached skill level 1 in Axes
  7152 | Lair:1   | HP: 1/64 [cane toad (10)]
  7235 | Lair:1   | Reached skill level 5 in Dodging
  7244 | Lair:1   | HP: 1/72 [cane toad (12)]
  7567 | Lair:1   | Reached XP level 12. HP: 85/87 MP: 17/17
  7813 | Lair:2   | Noticed Amaemon
  7828 | Lair:2   | Killed Amaemon
  7829 | Lair:2   | Reached skill level 1 in Shields
  7837 | Lair:2   | Noticed a death yak
  7838 | Lair:2   | Noticed a death yak
  7838 | Lair:2   | Noticed a death yak
  7844 | Lair:2   | Killed a death yak
  7849 | Lair:2   | Killed a death yak
  7853 | Lair:2   | Killed a death yak
  8015 | Lair:2   | Noticed a five-headed hydra
  8030 | Lair:2   | Killed a one-headed hydra
  8084 | Lair:2   | Reached skill level 1 in Maces & Flails
  8192 | Lair:2   | Found an ornate altar of the Wu Jian Council.
  8297 | Lair:2   | HP: 1/88 [wolf (5)]
  8823 | D:10     | Found a shimmering blue altar of Sif Muna.
  9108 | D:11     | Found a staircase to the Orcish Mines.
  9251 | D:11     | Noticed a tengu warrior
  9511 | D:11     | Noticed a boulder beetle
  9534 | D:11     | Killed a boulder beetle
 10015 | D:11     | Killed a tengu warrior
 10268 | Orc:1    | Entered Level 1 of the Orcish Mines
 10317 | D:11     | Reached ****** piety under Makhleb
 10588 | Orc:2    | Entered Level 2 of the Orcish Mines
 10588 | Orc:2    | Noticed Josephine
 10964 | Orc:2    | Noticed a two-headed ogre
 10964 | Orc:2    | Noticed a two-headed ogre
 10990 | Orc:1    | Killed a two-headed ogre
 10991 | Orc:1    | Reached XP level 13. HP: 33/93 MP: 5/19
 11121 | Orc:1    | Demolished by a two-headed ogre

Illustrated notes

Levels and vault maps discovered:
D:1:      ebering_trefoil_3fold, layout_basic, st_stairs_14, serial_bayou_ford_a
D:2:      layout_basic, hangedman_decor_growths, minmay_close_crescents
D:3:      layout_rooms, mainiacjoe_overflow_concentric_impassable,
          mainiacjoe_overflow_paths, shapermc_ecumenical_altar_acropolis,
          chequers_serial_rivers_micro_b
D:4:      layout_basic, riverfiend_overflow_shadow_ancestor,
          minmay_temple_entry_glass, uniq_sigmund
D:5:      layout_gridville
D:6:      layout_basic, xom_teletrap_fun, uniq_duvessa
D:7:      layout_loops_ring, enter_ossuary_3, roderic_batcave
D:8:      layout_layer_cave, minmay_lair_entry_grove, serial_shops,
          nicolae_lakefront_shop, serial_ice, serial_ice_o, serial_ice_d,
          serial_ice_k, serial_ice_a
D:9:      layout_loops_ring, nicolae_wwwww, uniq_maurice
D:10:     layout_irregular_city, led_sif_pool, uniq_snorg
D:11:     layout_basic, zombieorc2_lemuel, chequers_garden
Temple:   nicolae_temple_elliptical
Lair:1:   layout_big_grid, serial_bayou_pond_a
Lair:2:   layout_gridlike, basic_altar, uniq_amaemon
Orc:1:    layout_caves, serial_shops, nicolae_orc_sculptors_studio
Orc:2:    st_orc_ogre_mass, layout_caves, basic_altar, nicolae_orc_tapped_out,
          uniq_josephine

Skill      XL: |  1  2  3  4  5  6  7  8  9 10 11 12 |
---------------+-------------------------------------+-----
Fighting       | 2 3 4 5 6 |  6.2
Polearms       | 1 2 3 4 6 7 9 10 | 10.7
Armour         | 1 2 3 4 |  4.1
Stealth        | 3 4 6 8 9 10 | 10.8
Invocations    | 1 2 3 5 6 7 8 |  8.0
Throwing       | 2 3 4 |  4.5
Evocations     | 1 2 3 5 6 7 |  7.1
Dodging        | 4 5 6 |  6.7
Axes           | 3 4 |  4.4
Shields        | 3 |  3.0
Maces & Flails | 3 |  3.1
Short Blades   | |  3.8

Action                     |  1- 3 |  4- 6 |  7- 9 | 10-12 | 13-15 || total
---------------------------+-------+-------+-------+-------+-------++-------
  Melee: Rapier            |    17 |       |       |       |       ||    17
         Glaive            |    55 |    52 |   198 |   270 |       ||   575
         Bite              |     1 |     2 |    15 |   113 |     8 ||   139
         War axe           |       |       |       |   246 |    34 ||   280
         Demon whip        |       |       |       |   290 |     4 ||   294
         Hand axe          |       |       |       |    65 |       ||    65
         Dagger            |       |       |       |     2 |       ||     2
  Throw: Stone             |       |     3 |    38 |    76 |       ||   117
         Dart              |       |       |    13 |    29 |       ||    42
         Boomerang         |       |       |       |     5 |       ||     5
 Invoke: Minor Destruction |       |       |     8 |    12 |       ||    20
         Lesser Servant of |       |       |       |     7 |     1 ||     8
Ability: Exsanguinate      |     1 |       |     1 |     1 |       ||     3
         Revivify          |       |     1 |       |     2 |       ||     3
  Evoke: Wand              |       |       |       |     1 |       ||     1
    Use: Scroll            |     2 |       |       |     5 |       ||     7
         Potion            |     1 |       |       |     5 |       ||     6
   Stab: Sleeping          |     3 |    12 |    24 |    12 |       ||    51
         Distracted        |       |       |     5 |    15 |       ||    20
         Paralysed         |       |       |       |     1 |       ||     1
 Armour: Leather armour    |    14 |    14 |    42 |       |       ||    70
         Scale mail        |       |       |     2 |    45 |       ||    47
         Troll leather arm |       |       |       |   229 |    11 ||   240
         Plate armour      |       |       |       |    24 |       ||    24
  Dodge: Dodged            |    34 |    18 |   112 |   448 |    29 ||   641
  Block: Tower shield      |       |       |       |   605 |    58 ||   663
